AoeStats
← Unknown

Arena

506759223Analyzed
4v4 RM · 18d ago on Sep 15, 2026· 40m 20s· 8 players
Game mode
Random Map
Map size
Large (8 player)
Population
200
Speed
Normal
Resources
Standard
Victory
Conquest
Starting age
Dark Age
Ending age
Imperial Age
RankedLock teamsTeams togetherTeam positionsShared explorationLock speedFull tech treeHidden civsTurbo modeCheats
Victory
Defeat
🇨🇳 Britons · China
1226
+13
🇦🇷 Burgundians · Argentina
1212
+13
🇨🇳 Poles · China
1192
+14
🇦🇷 Spanish · Argentina
1145
+16
🇺🇸 Poles · United States
1165
-15
🇨🇴 Persians · Colombia
1151
-14
🇲🇽 Bohemians · Mexico
1146
-14
🇵🇪 Bulgarians · Peru
1127
-13
ACI Kira_game
10:28 Feudal Age
15:05 Castle Age
13:54 Double-Bit Axe
13:54 Horse Collar
15:47 Wheelbarrow
17:39 Heavy Plow
19:26 Loom
19:29 Town Watch
22:28 Hand Cart
23:41 Elite Skirmisher
32:05 Fletching
33:28 Szlachta Privileges
34:22 Bloodlines
34:45 Forging
34:41 Scale Barding Armor
36:24 Iron Casting
39:48 Imperial Age
40:02 Cavalier
Cuauhpilli
11:25 Feudal Age
15:39 Castle Age
13:59 Town Watch
14:02 Loom
16:24 Double-Bit Axe
26:13 Fervor
29:45 Imperial Age
28:27 Pikeman
29:07 Squires
28:54 Arson
30:12 Chemistry
28:54 Treadmill Crane
31:31 Scale Mail Armor
32:40 Horse Collar
33:51 Chain Mail Armor
35:12 Wagenburg Tactics
36:45 Conscription
39:11 Plate Mail Armor
38:52 Forging
ACI Tuffix
10:33 Feudal Age
14:51 Castle Age
13:27 Double-Bit Axe
15:40 Horse Collar
21:33 Wheelbarrow
22:01 Heavy Plow
23:03 Hand Cart
23:22 Loom
24:51 Gold Mining
25:15 Bow Saw
25:56 Stone Mining
26:42 Gold Shaft Mining
29:08 Imperial Age
27:04 Husbandry
27:18 Bloodlines
28:11 Devotion
28:21 Scale Barding Armor
28:27 Forging
30:35 Chemistry
28:59 Cavalier
30:03 Chain Barding Armor
30:19 Iron Casting
30:44 Crop Rotation
31:29 Plate Barding Armor
30:59 Padded Archer Armor
30:49 Fletching
32:01 Blast Furnace
32:23 Conscription
35:28 Savar
37:59 Heavy Camel Rider
39:32 Leather Archer Armor
39:13 Bodkin Arrow
Unknown
10:32 Feudal Age
14:09 Castle Age
13:18 Double-Bit Axe
20:19 Horse Collar
23:05 Bow Saw
24:00 Heavy Plow
26:18 Wheelbarrow
25:42 Gold Mining
26:47 Loom
26:48 Town Watch
30:29 Imperial Age
29:38 Husbandry
29:49 Bloodlines
29:38 Stirrups
29:54 Scale Barding Armor
29:59 Forging
30:53 Chain Barding Armor
31:45 Gold Shaft Mining
31:29 Hand Cart
31:14 Town Patrol
32:07 Crop Rotation
31:47 Elite Konnik
33:13 Plate Barding Armor
33:15 Iron Casting
35:30 Blast Furnace
34:22 Fletching
35:07 Bodkin Arrow
Belmont
11:38 Feudal Age
15:24 Castle Age
13:47 Double-Bit Axe
20:37 Loom
21:31 Wheelbarrow
20:50 Town Watch
21:40 Bow Saw
21:16 Horse Collar
23:10 Gold Mining
23:10 Stone Mining
23:39 Hand Cart
24:43 Town Patrol
24:46 Heavy Plow
25:23 Gold Shaft Mining
25:30 Stone Shaft Mining
26:07 Two-Man Saw
28:57 Husbandry
28:18 Cavalier
31:38 Imperial Age
29:56 Forging
29:51 Scale Barding Armor
29:57 Burgundian Vineyards
31:12 Iron Casting
32:09 Chain Barding Armor
33:51 Blast Furnace
32:29 Paladin
32:48 Elite Coustillier
33:49 Conscription
37:16 Light Cavalry
38:14 Hussar
dan29730
11:25 Feudal Age
14:55 Castle Age
13:41 Double-Bit Axe
13:52 Horse Collar
16:09 Bow Saw
21:17 Wheelbarrow
20:56 Heavy Plow
21:37 Gold Mining
30:18 Imperial Age
29:48 Hand Cart
29:20 Loom
29:21 Town Watch
30:21 Stone Mining
33:12 Chemistry
33:30 Conscription
35:33 Guilds
35:59 Elite Skirmisher
36:45 Thumb Ring
36:31 Fletching
36:42 Padded Archer Armor
41:11 Leather Archer Armor
40:52 Bodkin Arrow
路一司
10:52 Feudal Age
15:26 Castle Age
13:52 Horse Collar
14:25 Double-Bit Axe
16:39 Heavy Plow
25:08 Wheelbarrow
24:48 Bow Saw
25:53 Scale Barding Armor
25:59 Forging
26:25 Hand Cart
26:59 Szlachta Privileges
28:06 Husbandry
28:16 Bloodlines
27:27 Light Cavalry
28:34 Chain Barding Armor
28:49 Iron Casting
28:35 Gold Mining
28:35 Stone Mining
32:21 Imperial Age
31:02 Treadmill Crane
32:03 Stone Shaft Mining
32:15 Loom
32:15 Town Watch
33:23 Cavalier
33:23 Winged Hussar
36:39 Blast Furnace
36:16 Crop Rotation
36:07 Masonry
36:08 Fortified Wall
37:01 Chemistry
36:21 Ballistics
36:07 Siege Engineers
37:51 Coinage
38:27 Conscription
39:38 Banking
fechinoo
12:36 Feudal Age
13:23 Double-Bit Axe
16:15 Castle Age
14:03 Horse Collar
17:16 Heavy Plow
17:27 Bow Saw
21:51 Wheelbarrow
22:06 Gold Mining
22:06 Stone Mining
23:41 Hand Cart
24:49 Gold Shaft Mining
24:04 Stone Mining
25:34 Fletching
29:10 Imperial Age
26:48 Loom
27:17 Crossbowman
27:53 Bodkin Arrow
27:58 Padded Archer Armor
28:20 Ballistics
28:26 Treadmill Crane
29:15 Arbalester
30:17 Conscription
29:59 Bracer
31:03 Chemistry
32:19 Two-Man Saw
31:19 Pikeman
32:00 Squires
31:45 Arson
32:12 Forging
32:02 Scale Mail Armor
32:51 Yeomen
33:31 Halberdier
34:27 Leather Archer Armor
34:48 Iron Casting
34:28 Chain Mail Armor
35:09 Chain Mail Armor
36:56 Ring Archer Armor
37:27 Blast Furnace
40:16 Plate Mail Armor
39:45 Murder Holes
40:02 Masonry
Connection lost

Rejoining the realm…

Still unreachable

The connection could not be restored.

Session expired

The server has moved on; the page needs a fresh start.